 Dungeon Crawl Stone Soup version 0.29-a0-551-gffc1d7fb78 (webtiles) character file.

Game seed: 6470145613431984200

69 enile the Chucker (level 4, 0/22 (36) HPs)
             Began as a Meteoran Wanderer on June 6, 2022.
             Slain by a jackal (1 damage)
             ... on level 3 of the Dungeon.
             The game lasted 00:02:55 (1546 turns).

enile the Chucker (Meteoran Wanderer)               Turns: 1546, Time: 00:02:56

HP:   0/22 (36)     AC:  2    Str: 12 (13) XL:     4   Next: 70%
MP:   7/8           EV: 11    Int: 16 (18) God:
Gold: 136           SH:  0    Dex:  9 (11) Spells: 6/7 levels left

rFire   . . .      SeeInvis .   a - +0 dagger
rCold   . . .      Faith    .   (no shield)
rNeg    . . .      Spirit   .   d - +0 robe
rPois   .          Reflect  .   (no helmet)
rElec   .          Harm     .   (no cloak)
rCorr   .          Rampage  .   (no gloves)
Will    .....                   (no boots)
Stlth   +.........              (no amulet)
HPRegen 0.07/turn               (no ring)
MPRegen 0.11/turn               (no ring)

@: mighty, brilliant, attractive, glowing, very heavily drained
A: sense surroundings 1, otherworldly, glowing, explore regen
a: no special abilities


You were on level 3 of the Dungeon.
You visited 1 branch of the dungeon, and saw 3 of its levels.

You collected 136 gold pieces.

Inventory:

Hand Weapons
 a - a +0 dagger (weapon)
Armour
 d - a +0 robe (worn)
Jewellery
 e - an amulet of guardian spirit
Scrolls
 c - a scroll of teleportation
 f - 5 scrolls of identify {unknown}
 g - a scroll of immolation {unknown}
 h - 3 scrolls of noise {unknown}
 i - a scroll of blinking {unknown}
 l - a scroll of magic mapping {unknown}
 o - a scroll of poison {unknown}
Potions
 j - 2 potions of attraction
 m - a potion of degeneration
 p - a potion of heal wounds {unknown}


   Skills:
 + Level 2.0 Fighting
 - Level 4.9 Throwing
 - Level 2.0 Spellcasting
 - Level 2.5 Conjurations
 - Level 2.5 Transmutations
 - Level 3.0 Fire Magic
 - Level 1.4 Evocations


You had 6 spell levels left.
You knew the following spells:

 Your Spells              Type           Power      Damage    Failure   Level
a - Foxfire               Conj/Fire      60%        2x1d7     7%          1

Your spell library contained the following spells:

 Spells                   Type           Power      Damage    Failure   Level
 Magic Dart               Conj           56%        1d5       8%          1
 Sting                    Tmut/Pois      32%        1d4       12%         1
 Spider Form              Tmut/Pois      8%         N/A       36%         3
 Fulminant Prism          Conj/Hex       4%         3d6       77%         4


Dungeon Overview and Level Annotations

Branches:
Dungeon (3/15)

Altars:


Innate Abilities, Weirdness & Mutations

You passively map a small area around you.
You are easily found by Zot.
You glow in the dark.
You regain HP and MP as you explore.


Message History

You throw a poisoned dart. The poisoned dart hits the jackal!
The jackal looks as sick as possible!
The jackal is severely wounded.
The jackal closely misses you.
You hit the jackal.
You kill the jackal!
The jackal bites you.
Your Fighting skill increases to level 2!
You hit the jackal.
The jackal is lightly wounded.
The jackal bites you.
Unknown command.
Your foxfire dissipates!
The jackal barely misses you.
Casting: Foxfire (safe; 6% risk of failure)
Confirm with . or Enter, or press ? or * to list all spells.
You conjure some foxfire!
The jackal bites you. The jackal bites you.
* * * LOW HITPOINT WARNING * * *
The jackal bites you.
* * * LOW HITPOINT WARNING * * *
Your foxfire dissipates!
The jackal attacks as you move away! The jackal bites you.
* * * LOW HITPOINT WARNING * * *
Sorry, you're not good enough to have a special ability.
It was a potion of attraction.
You feel attractive to monsters.
The jackal bites you but does no damage.
It was a potion of degeneration.
There was something very wrong with that liquid.
You feel weakened.
You feel dopey.
You feel clumsy. The jackal misses you. The jackal closely misses you.
It was a potion of might.
You feel very mighty all of a sudden. The jackal bites you.
* * * LOW HITPOINT WARNING * * *
It was a potion of brilliance.
You feel clever all of a sudden. The jackal bites you.
You die...

#.#### #.##.##.##.######## #.#
#.##.##.##.# * #.#
#.##.##.##.# * #.#
#.##.##.##.# ,,, #.#
#....h..##.###.###
###.#########......h.(........
#................#####.##*
#(#####.##############.# ,
#........@h..>(((# *
################## *, * * , *
*


You could see a jackal.

Vanquished Creatures
  An adder (D:2)
  2 dart slugs
  5 ball pythons
  4 bats
  An endoplasm (D:1)
  3 giant cockroaches (D:1)
  5 goblins
  6 hobgoblins
  6 jackals
  2 quokkas
  8 frilled lizards
  7 kobolds
  2 rats (D:1)
52 creatures vanquished.

Vanquished Creatures (others)
  121 foxfires
  7 plants (D:2)
128 creatures vanquished.

Grand Total: 180 creatures vanquished

Notes
Turn   | Place    | Note
-------+----------+-------------------------------------------
     0 | D:1      | enile the Meteoran Wanderer began the quest for the Orb.
     0 | D:1      | enile set off with the following items: a +0 dagger, 10
                  | poisoned darts, a scroll of teleportation, a +0 robe; and
                  | the following spells available to memorise: Magic Dart,
                  | Foxfire, Sting, Spider Form, Fulminant Prism
     0 | D:1      | Reached XP level 1. HP: 14/14 MP: 3/3
     2 | D:1      | Learned a level 1 spell: Foxfire
    78 | D:1      | Reached XP level 2. HP: 17/20 MP: 1/5
   123 | D:1      | Reached skill level 1 in Fire Magic
   372 | D:1      | Reached XP level 3. HP: 26/26 MP: 2/6
   501 | D:1      | Glimpsed the power of Zot.
   551 | D:1      | Glimpsed the power of Zot.
   669 | D:2      | Reached XP level 4. HP: 31/33 MP: 2/8
   825 | D:2      | Reached skill level 1 in Fighting
  1102 | D:2      | Glimpsed the power of Zot.
  1152 | D:2      | Glimpsed the power of Zot.
  1192 | D:2      | Glimpsed the power of Zot.
  1201 | D:2      | Glimpsed the power of Zot.
  1202 | D:2      | Touched by the power of Zot.
  1545 | D:3      | HP: 1/22 [jackal (2)]
  1546 | D:3      | Slain by a jackal

Illustrated notes

Levels and vault maps discovered:
D:1:      dpeg_arrival_stonehenge_12_columns, layout_loops_ring
D:2:      layout_loops_ring, minmay_lizard_king
D:3:      layout_loops_ring, dreamdust_ecumenical_altar_angels_and_demons,
          uniq_crazy_yiuf_cottage

Skill      XL: |  1  2  3  4 |
---------------+-------------+-----
Fire Magic     | 2 3 |  3.0
Spellcasting   | 2 |  2.0
Fighting       | 2 |  2.0
Throwing       | |  4.9
Conjurations   | |  2.5
Transmutations | |  2.5
Evocations     | |  1.4

Action                   |  1- 3 |  4- 6 || total
-------------------------+-------+-------++-------
Melee: Dagger            |    19 |    19 ||    38
       Punch             |       |     1 ||     1
Throw: Dart              |     4 |    14 ||    18
 Cast: Foxfire           |    48 |    36 ||    84
  Use: Potion            |     1 |     4 ||     5
Armor: Robe              |    14 |    13 ||    27
Dodge: Dodged            |    18 |    28 ||    46

Table legend: (Time is in decaauts)
 A = Elapsed time spent in this place.
 B = Non-inter-level travel time spent in this place.
 C = Inter-level travel time spent in this place.
 D = Time resting spent in this place.
 E = Time spent auto-exploring this place.
 F = Levels seen in this place.
 G = Mean time per level.
                   A        B        C        D        E       F      G
               +--------+--------+--------+--------+--------+-----+--------+
         Total |   1540 |   1464 |     76 |      0 |   1103 |   3 |  513.3 |
       Dungeon |   1540 |   1464 |     76 |      0 |   1103 |   3 |  513.3 |
               +--------+--------+--------+--------+--------+-----+--------+

Top non-repeatable levels by time:
     D:2: 647 daAuts
     D:1: 566 daAuts
     D:3: 327 daAuts
